 Dungeon Sprint DCSS version 0.19.1-1-g22dce08 (webtiles) character file.

2401 Hipnos the Imperceptible (level 9, -20/39 HPs)
             Began as a Spriggan Enchanter on Jan 14, 2017.
             Was a Believer of Sif Muna.
             Shot with an arrow by a centaur warrior (22 damage)
             ... in the Dungeon (Sprint I: "Red Sonja").
             The game lasted 00:07:00 (654 turns).

Hipnos the Imperceptible (Spriggan Enchanter)        Turns: 654, Time: 00:07:00

Health: -20/39     AC:  3    Str:  4    XL:     9   Next: 23%
Magic:  10/21      EV: 24    Int: 19    God:    Sif Muna [**....]
Gold:   441        SH:  0    Dex: 17    Spells: 3 memorised, 17 levels left

rFire  . . .     SeeInvis +     a - +2 dagger
rCold  . . .     Gourm    .     b - +1 robe
rNeg   . . .     Faith    .     (shield restricted)
rPois  .         Spirit   .     (helmet restricted)
rElec  .         Reflect  .     (no cloak)
rCorr  .         Harm     .     (gloves unavailable)
MR     +....     NoTele   +     (boots unavailable)
Stlth  ++++......               (no amulet)
                                (no ring)
                                (no ring)

@: very quick
A: unfitting armour, see invisible, herbivore 3, speed 3, slow metabolism 2
a: Divine Energy, Renounce Religion


You were in the Dungeon.
You worshipped Sif Muna.
Sif Muna was pleased with you.
You were not hungry.

You visited 1 branch You collected 621 gold pieces.
You spent 180 gold pieces at shops.

Inventory:

Hand Weapons
 a - a +2 dagger (weapon)
Armour
 b - a +1 robe (worn)
Scrolls
 j - 2 scrolls of blinking
 k - a scroll of identify {unknown}
 m - a scroll of remove curse {unknown}
Potions
 e - 2 potions of curing
 g - a potion of haste
 h - 2 potions of magic
 i - a potion of berserk rage
 l - 2 potions of mutation {unknown}
Books
 c - a book of Maledictions

   Spells                             Type                      Level
   a - Corona                         Hexes                        1
   b - Ensorcelled Hibernation        Hexes/Ice                    2
   c - Confuse                        Hexes                        3
   d - Tukima's Dance                 Hexes                        3
   e - Dazzling Spray                 Conjuration/Hexes            3
Comestibles
 d - 2 bread rations


   Skills:
 + Level 0.2 Fighting
 * Level 9.2 Short Blades
 + Level 8.1 Dodging
 * Level 21.0 Stealth
 + Level 7.7 Spellcasting
 + Level 11.3 Hexes
 + Level 2.2 Ice Magic


You had 17 spell levels left.
You knew the following spells:

 Your Spells              Type           Power        Failure   Level  Hunger
a - Corona                Hex            ######.      1%          1    None
b - Ensorcelled Hibernat  Hex/Ice        ####..       1%          2    None
c - Confuse               Hex            ######..     1%          3    #......


Dungeon Overview and Level Annotations

Branches:
Dungeon (1/1)

Altars:
Cheibriados
Dithmenos
Elyvilon
Fedhas
Gozag
Hepliaklqana
Kikubaaqudgha
Makhleb
Nemelex Xobeh
Okawaru
Qazlal
Ru
Sif Muna
Trog
Uskayaw
Vehumet
Xom
Yredelemnul
Zin
The Shining One
Jiyva
Lugonu

Shops:
D %?[


Innate Abilities, Weirdness & Mutations

You are very small and have problems with some larger weapons.
You are too small for most types of armour.
You have supernaturally acute eyesight. (SInv)
You are a herbivore.
You cover ground extremely quickly.
You need consume almost no food.


Message History

You hear a splash.
You hear an angry buzzing noise.
You see here 2 arrows.
Casting: Confuse
Confirm with . or Enter, or press ? or * to list all spells.
Aiming: Confuse
Press: ? - help, Shift-Dir - straight line, f/p - centaur warrior
Aim: a centaur warrior, wielding an enchanted longbow (purple smoke, chance to defeat MR: 55%)
The centaur warrior resists with significant effort.
The centaur warrior shoots an arrow.
The arrow hits you!
* * * LOW HITPOINT WARNING * * *
You hear a splash.
Casting: Confuse
Confirm with . or Enter, or press ? or * to list all spells.
Aiming: Confuse
Press: ? - help, Shift-Dir - straight line, f/p - centaur warrior
Aim: a centaur warrior, wielding an enchanted longbow (purple smoke, chance to defeat MR: 55%)
The centaur warrior resists with significant effort.
The centaur warrior shoots an arrow.
The arrow hits you!!
Ouch! That really hurt!
You die...

########################
.#.))..#.)'..#__#..'.).#
.'..#..'..#..+..s..#...##+#
.#####'#####+#__####).ss..#
.####..#...#.####§§#####..+
.#__####..##.#§§≈§§#$$# +##
.#_____##'#..+§§§§c§cy#
⌠#_.∩...'..._#§c@§§#
##_..__##_.#'##§####
#_____###'#[#[.(.###
##########.####(###.##
........'...'.....'.∩#
#++++####.).##########
##.## #+# #$*$*$#


You could see 2 centaur warriors.

Vanquished Creatures
  Sonja (D)
  A deep troll (D)
  2 kobold demonologists (D)
  A demonic crawler (D)
  A slime creature (D)
  Sigmund (D)
  A yak (D)
  A floating eye (D)
  An ogre (D)
  A jelly (D)
  Ijyb (D)
12 creatures vanquished.

Notes
Turn   | Place    | Note
-------+----------+-------------------------------------------
     0 | D        | Hipnos the Spriggan Enchanter began the quest for the Orb.
     0 | D        | Reached XP level 1. HP: 9/9 MP: 5/5
     1 | D        | Noticed Ijyb
    13 | D        | Killed Ijyb
    13 | D        | Reached skill level 7 in Stealth
    13 | D        | Reached skill level 5 in Hexes
    13 | D        | Reached XP level 2. HP: 13/13 MP: 5/7
    18 | D        | Learned a level 2 spell: Ensorcelled Hibernation
    34 | D        | Noticed an ogre
    43 | D        | Killed an ogre
    43 | D        | Reached skill level 10 in Stealth
    43 | D        | Reached XP level 3. HP: 16/16 MP: 3/9
    43 | D        | Reached XP level 4. HP: 21/21 MP: 3/11
   113 | D        | Learned a level 3 spell: Confuse
   113 | D        | Noticed Sigmund
   119 | D        | Killed Sigmund
   119 | D        | Reached skill level 5 in Short Blades
   119 | D        | Reached skill level 5 in Dodging
   119 | D        | Reached skill level 12 in Stealth
   119 | D        | Reached XP level 5. HP: 24/24 MP: 9/13
   150 | D        | Found a deep blue altar of Sif Muna.
   152 | D        | Found a radiant altar of Vehumet.
   157 | D        | Became a worshipper of Sif Muna the Loreminder
   159 | D        | Reached skill level 13 in Stealth
   159 | D        | Reached skill level 5 in Spellcasting
   159 | D        | Reached XP level 6. HP: 28/28 MP: 14/14
   186 | D        | Found Naymakh's Magic Scroll Emporium.
   186 | D        | Found an ancient bone altar of Kikubaaqudgha.
   186 | D        | Found a hazy altar of Hepliaklqana.
   186 | D        | Found a stormy altar of Qazlal.
   186 | D        | Found a hide-covered altar of Uskayaw.
   186 | D        | Found a blossoming altar of Fedhas.
   186 | D        | Found a bloodstained altar of Trog.
   186 | D        | Found an iron altar of Okawaru.
   186 | D        | Found a basalt altar of Yredelemnul.
   186 | D        | Found a glowing golden altar of the Shining One.
   186 | D        | Found a snail-covered altar of Cheibriados.
   186 | D        | Found a sacrificial altar of Ru.
   186 | D        | Found a glowing silver altar of Zin.
   186 | D        | Found a shadowy altar of Dithmenos.
   186 | D        | Found a white marble altar of Elyvilon.
   186 | D        | Noticed a yak
   187 | D        | Found an opulent altar of Gozag.
   188 | D        | Killed a yak
   188 | D        | Reached skill level 14 in Stealth
   189 | D        | Found a sparkling altar of Nemelex Xobeh.
   194 | D        | Bought a scroll of enchant weapon for 90 gold pieces
   194 | D        | Bought a scroll of blinking for 90 gold pieces
   208 | D        | Found a burning altar of Makhleb.
   208 | D        | Found a viscous altar of Jiyva.
   208 | D        | Found a shimmering altar of Xom.
   208 | D        | Found a corrupted altar of Lugonu.
   208 | D        | Noticed a slime creature
   211 | D        | Killed a slime creature
   211 | D        | Reached * piety under Sif Muna
   211 | D        | Reached skill level 16 in Stealth
   211 | D        | Reached XP level 7. HP: 32/32 MP: 16/16
   224 | D        | Noticed a kobold demonologist
   225 | D        | Noticed a kobold demonologist
   228 | D        | Killed a kobold demonologist
   228 | D        | Reached skill level 17 in Stealth
   228 | D        | Reached skill level 10 in Hexes
   228 | D        | Reached skill level 1 in Ice Magic
   231 | D        | Killed a kobold demonologist
   231 | D        | Reached ** piety under Sif Muna
   231 | D        | Reached skill level 18 in Stealth
   231 | D        | Reached XP level 8. HP: 33/36 MP: 12/18
   269 | D        | Noticed a demonic crawler
   269 | D        | Noticed a demonic crawler
   269 | D        | Noticed a demonic crawler
   269 | D        | Noticed a demonic crawler
   271 | D        | Killed a demonic crawler
   271 | D        | Reached skill level 19 in Stealth
   368 | D        | Noticed Sonja
   372 | D        | Killed Sonja
   372 | D        | Reached skill level 20 in Stealth
   372 | D        | Reached XP level 9. HP: 39/39 MP: 20/20
   383 | D        | Noticed a deep troll
   415 | D        | Killed a deep troll
   415 | D        | Reached skill level 21 in Stealth
   529 | D        | Found Vaffom's Armour Emporium.
   556 | D        | Found Loisuso's Food Boutique.
   636 | D        | Noticed a centaur warrior
   638 | D        | Noticed a centaur warrior
   653 | D        | HP: 1/39 [centaur warrior/arrow (17)]
   654 | D        | Shot with an arrow by a centaur warrior

Skill      XL: |  1  2  3  4  5  6  7  8  9 |
---------------+----------------------------+-----
Short Blades   | 2 4 5 6 8 9 |  9.2
Stealth        | 7 10 12 13 16 18 20 21 | 21.0
Spellcasting   | 3 4 5 6 7 |  7.7
Hexes          | 5 6 8 9 10 11 | 11.3
Dodging        | 4 5 6 7 8 |  8.1
Ice Magic      | 1 2 |  2.2
Fighting       | |  0.2

Action                   |  1- 3 |  4- 6 |  7- 9 || total
-------------------------+-------+-------+-------++-------
Melee: Dagger            |    11 |     6 |    11 ||    28
 Cast: Ensorcelled Hiber |     2 |       |    10 ||    12
       Confuse           |       |     1 |     5 ||     6
  Use: Scroll            |       |     1 |     1 ||     2
       Potion            |       |       |     1 ||     1
 Stab: Sleeping          |     2 |     3 |     5 ||    10
       Confused          |       |     2 |     1 ||     3
Armor: Robe              |       |       |     1 ||     1
Dodge: Dodged            |     9 |       |     8 ||    17
